Map: Galactic Process LE

Players

SortOf - Winner!

  • Race: Zerg Zerg
  • League: Master

HellraiseR

  • Race: Protoss Protoss
  • League: Master

VOD

Have the link to the VOD?

Description

Time

  • Played on: Oct. 26, 2016, 3:08 a.m.
  • Length: 9:09
Show
View Real Time Build Order
Export as new Build Order

SortOf Zerg - Winner!

Build Orders: Hatch First 

Get SALT Encoding   

  12  0:00  Drone  
  13  0:13  Overlord  
  13  0:17  Drone  
  14  0:31  Drone x2  
  16  0:50  Unknown, Hatchery  
  16  0:52  Drone  
  16  0:56  Drone  
  17  0:59  Drone  
  18  1:10  Extractor  
  17  1:15  Spawning Pool  
  17  1:18  Drone  
  17  1:21  Drone  
  18  1:29  Drone  
  19  1:39  Overlord  
  19  1:51  Drone  
  20  2:01  Unknown  
  20  2:02  Queen x2, Drone x2  
  26  2:11  Metabolic Boost, Drone  
  27  2:17  Drone  
  28  2:32  Unknown, Hatchery  
  28  2:35  Zergling x2  
  28  2:37  Zergling x2  
  28  2:40  Zergling x2  
  28  2:44  Drone  
  31  2:46  Drone  
  31  2:50  Overlord  
  32  3:00  Drone x2  
  32  3:05  Overlord  
  34  3:06  Pneumatized Carapace  
  34  3:09  Drone  
  34  3:12  Drone x2  
  37  3:15  Drone  
  37  3:18  Drone  
  38  3:24  Drone x2  
  38  3:26  Drone x2  
  42  3:32  Zergling x4  
  44  3:41  Queen  
  46  3:43  Unknown  
  46  3:47  Drone x2  
  47  3:51  Evolution Chamber, Drone x2  
  47  3:52  Baneling Nest  
  47  3:56  Drone x3  
  47  3:57  Drone  
  47  4:02  Drone x2  
  52  4:09  Queen  
  52  4:11  Overlord  
  52  4:16  Spore Crawler  
  51  4:17  Extractor  
  51  4:18  Drone x3  
  51  4:21  Spore Crawler  
  51  4:22  Spore Crawler  
  51  4:25  Drone x2  
  51  4:27  Drone  
  54  4:32  Zerg Melee Weapons Level 1  
  54  4:35  Drone x2  
  54  4:37  Overlord  
  56  4:41  Drone x2  
  56  4:42  Overlord  
  58  4:49  Queen  
  58  4:52  Overlord  
  60  4:56  Drone x3  
  63  5:01  Zergling x2  
  63  5:02  Zergling x8  
  68  5:10  Roach Warren  
  68  5:11  Drone x2  
  68  5:14  Lair, Extractor  
  69  5:16  Extractor, Drone x2  
  69  5:17  Extractor, Drone  
  69  5:19  Drone x2  
  71  5:21  Drone x2  
  71  5:24  Drone x2  
  75  5:30  Queen  
  75  5:31  Drone  
  75  5:32  Drone x2  
  80  5:38  Drone  
  80  5:39  Drone  
  80  5:42  Unknown, Hatchery  
  79  5:47  Drone x2  
  79  5:48  Extractor x2  
  78  5:51  Drone x2  
  78  5:53  Overlord  
  78  5:55  Drone x3  
  78  5:56  Drone x2  
  85  5:58  Overlord  
  85  6:01  Drone  
  85  6:02  Drone  
  85  6:04  Drone x2  
  89  6:12  Roach  
  89  6:13  Roach x3  
  89  6:14  Overseer  
  97  6:23  Spore Crawler, Unknown, Hatchery  
  95  6:27  Roach x4  
  103  6:32  Zerg Melee Weapons Level 2  
  103  6:34  Infestation Pit  
  103  6:36  Overlord, Drone  
  103  6:39  Overlord  
  103  6:41  Drone x2  
  105  6:52  Centrifical Hooks  
  105  6:53  Queen x3, Unknown  
  111  6:57  Drone x4  
  111  6:58  Drone  
  111  7:01  Queen  
  118  7:10  Drone  
  118  7:14  Spore Crawler, Overlord  
  118  7:16  Pathogen Glands  
  118  7:20  Overlord, Drone  
  119  7:23  Unknown, Hatchery  
  119  7:25  Overlord  
  119  7:28  Drone  
  119  7:34  Hive  
  119  7:35  Queen, Unknown  
  121  7:41  Drone x7  
  121  7:44  Infestor x4  
  126  7:45  Overlord  
  126  7:47  Infestor  
  136  7:51  Zergling x2  
  136  7:52  Infestor, Zergling x2  
  136  7:57  Queen  
  142  8:01  Drone x4  
  142  8:05  Ravager x4, Overlord  
  147  8:07  Drone  
  147  8:09  Zergling x2  
  147  8:10  Zergling x10  
  153  8:16  Overseer  
  153  8:19  Spore Crawler  
  152  8:26  Spore Crawler  
  151  8:27  Spore Crawler, Queen, Spire  
  151  8:29  Spore Crawler x2  
  151  8:30  Queen  
  151  8:33  Queen  
  153  8:34  Unknown  
  153  8:35  Drone x4  
  153  8:36  Drone  
  157  8:46  Zergling x14  
  157  8:47  Baneling x2  
  157  8:48  Baneling x2  
Show
View Real Time Build Order
Export as new Build Order

HellraiseR Protoss 

Build Orders: 1 Gate Expand, Oracle Opening 

Get SALT Encoding   

  12  0:00  Probe (Chrono Boost)  
  13  0:11  Probe (Chrono Boost)  
  14  0:20  Pylon  
  14  0:22  Probe (Chrono Boost)  
  15  0:38  Probe (Chrono Boost)  
  15  0:41  Gateway  
  16  0:49  Probe (Chrono Boost)  
  17  0:50  Assimilator  
  17  0:59  Probe (Chrono Boost)  
  18  1:10  Probe (Chrono Boost)  
  19  1:21  Nexus, Unknown  
  19  1:25  Probe (Chrono Boost)  
  20  1:34  Cybernetics Core  
  20  1:37  Probe (Chrono Boost)  
  21  1:47  Assimilator  
  21  1:48  Probe (Chrono Boost)  
  21  1:52  Pylon  
  22  1:59  Probe (Chrono Boost)  
  23  2:08  Adept  
  23  2:11  Warp Gate  
  23  2:12  Probe (Chrono Boost)  
  27  2:23  Probe (Chrono Boost)  
  27  2:33  Probe (Chrono Boost), Unknown  
  27  2:34  Probe (Chrono Boost)  
  29  2:37  Stargate  
  29  2:44  Probe (Chrono Boost)  
  30  2:45  Probe (Chrono Boost)  
  30  2:50  Stalker  
  33  2:54  Probe (Chrono Boost)  
  33  2:55  Probe (Chrono Boost)  
  35  3:05  Probe (Chrono Boost)  
  36  3:06  Probe (Chrono Boost)  
  37  3:15  Probe (Chrono Boost), Oracle  
  37  3:17  Probe (Chrono Boost)  
  37  3:23  Pylon  
  37  3:25  Gateway x2  
  37  3:26  Probe (Chrono Boost)  
  41  3:29  Probe (Chrono Boost)  
  41  3:30  Adept  
  44  3:36  Probe (Chrono Boost)  
  46  3:42  Probe (Chrono Boost)  
  46  3:43  Pylon  
  46  3:47  Probe (Chrono Boost)  
  47  3:49  Oracle  
  47  3:52  Gateway  
  47  3:53  Pylon  
  48  3:58  Probe (Chrono Boost)  
  49  4:04  Probe (Chrono Boost)  
  51  4:11  Probe (Chrono Boost)  
  51  4:13  Pylon  
  51  4:14  Probe (Chrono Boost)  
  52  4:22  Nexus, Unknown  
  52  4:23  Probe (Chrono Boost)  
  53  4:24  Pylon, Void Ray  
  53  4:25  Probe (Chrono Boost)  
  58  4:32  Assimilator  
  58  4:34  Assimilator  
  58  4:35  Probe (Chrono Boost)  
  58  4:36  Probe (Chrono Boost)  
  58  4:37  Pylon  
  60  4:44  Stargate  
  61  4:47  Probe x2 (Chrono Boost)  
  62  4:58  Probe (Chrono Boost)  
  62  4:59  Probe (Chrono Boost)  
  64  5:01  Forge  
  64  5:08  Probe (Chrono Boost)  
  64  5:09  Void Ray  
  64  5:13  Mothership Core (Chrono Boost)  
  67  5:15  Pylon  
  67  5:19  Probe (Chrono Boost)  
  72  5:24  Void Ray  
  72  5:30  Assimilator  
  72  5:31  Probe (Chrono Boost)  
  72  5:33  Unknown  
  72  5:34  Probe (Chrono Boost), Assimilator  
  79  5:35  Probe (Chrono Boost)  
  80  5:43  Probe (Chrono Boost)  
  80  5:45  Probe (Chrono Boost)  
  80  5:48  Probe (Chrono Boost)  
  82  5:54  Void Ray  
  82  5:55  Probe x2 (Chrono Boost)  
  84  5:58  Pylon  
  84  6:00  Probe (Chrono Boost), Pylon  
  84  6:02  Twilight Council  
  89  6:05  Void Ray  
  89  6:06  Probe (Chrono Boost)  
  89  6:08  Probe (Chrono Boost)  
  89  6:09  Sentry  
  89  6:10  Photon Cannon  
  98  6:12  Probe (Chrono Boost), Photon Cannon  
  98  6:16  Probe (Chrono Boost)  
  99  6:32  Void Ray  
  99  6:36  Gateway  
  99  6:38  Gateway  
  103  6:40  Gateway, Photon Cannon  
  103  6:41  Templar Archives  
  103  6:42  Resonating Glaives  
  103  6:43  Photon Cannon  
  103  6:45  Unknown  
  103  7:00  Probe (Chrono Boost)  
  103  7:01  Probe x2 (Chrono Boost)  
  106  7:02  Gateway  
  106  7:03  Gateway  
  106  7:06  Pylon  
  106  7:07  Psionic Storm  
  106  7:08  Pylon  
  106  7:09  Void Ray  
  106  7:11  Photon Cannon  
  110  7:15  Pylon  
  110  7:18  Photon Cannon  
  110  7:20  High Templar, Pylon  
  112  7:26  Void Ray  
  116  7:33  Gateway  
  116  7:43  High Templar x2  
  120  7:45  Adept x3, Photon Cannon  
  126  8:01  Pylon  
  126  8:02  Photon Cannon  
  126  8:03  Fleet Beacon  
  126  8:11  Photon Cannon  
  126  8:12  Photon Cannon  
  126  8:13  Photon Cannon  
  126  8:15  Pylon  
  126  8:17  Pylon  
  126  8:24  High Templar x2  
  130  8:37  Nexus, Unknown  
  130  8:38  Pylon  
  130  8:46  Nexus, Unknown, Robotics Facility  
Tags
 
Add a new tag
Caveats
  • Supply blocks, unpowered buildings, or Contaminate may cause inaccurate times.
  • Supply counts are checked every 10 seconds.